 Dungeon Crawl Stone Soup version 0.28.0-45-g0d030f2227 (webtiles) character file.

Game seed: 11714920844611063942

23606 protoss039 the Unseen (level 12, -3/65 HPs)
             Began as a Spriggan Enchanter on Apr 16, 2022.
             Was a High Priest of Dithmenos.
             Collided with a rock wall (10 damage)
             ... caused by a wretched star
             ... on level 2 of the Abyss.
             The game lasted 00:50:19 (14967 turns).

protoss039 the Unseen (Spriggan Enchanter)         Turns: 14967, Time: 00:50:24

Health: -3/65      AC:  7    Str:  4    XL:     12   Next: 73%
Magic:  18/25      EV: 26    Int: 22    God:    Dithmenos [*****.]
Gold:   1022       SH:  0    Dex: 26    Spells: 11/27 levels left

rFire   . . .      SeeInvis +   C - +6 flail of Attainder {flame, Int+5}
rCold   + . .      Faith    .   (no shield)
rNeg    . . .      Spirit   .   i - +2 robe
rPois   .          Reflect  .   (helmet restricted)
rElec   .          Harm     .   v - +2 cloak
rCorr   .          Rampage  .   (gloves unavailable)
Will    ++...                   (boots unavailable) Stlth *+++++++++
                                G - amulet of regeneration
HPRegen 1.00/turn               T - +6 ring of dexterity
MPRegen 0.19/turn               M - ring of protection from cold

@: wreathed by umbra, very quick
A: very small, no large weapons, unfitting armour, see invisible, speed 3
a: Renounce Religion, Shadow Step, Shadow Form


You were on level 2 of the Abyss.
You worshipped Dithmenos.
Dithmenos was extremely pleased with you.
You visited 2 branches of the dungeon, and saw 15 of its levels.
You visited the Abyss 1 time.
You also visited: Ossuary and Bailey.

You collected 1022 gold pieces.

Inventory:

Hand Weapons
 t - a +1 dagger of venom
 C - the +6 flail of Attainder (weapon) {flame, Int+5}
   (You found it on level 5 of the Dungeon)

   It burns those it strikes, dealing additional fire damage.
   Int:       It affects your intelligence (+5).
Missiles
 q - 4 throwing nets (quivered)
Armour
 f - a scarf of resistance
 i - a +2 robe (worn)
 v - a +2 cloak (worn)
 O - +0 acid dragon scales
Jewellery
 l - a ring of fire
 G - an amulet of regeneration (around neck)
 M - a ring of protection from cold (right hand)
 S - a +6 ring of dexterity
 T - a +6 ring of dexterity (left hand)
 U - a ring of poison resistance
Wands
 g - a wand of iceblast (10)
 y - a wand of flame (42)
 E - a wand of polymorph (9)
 K - a wand of digging (11)
 R - a wand of paralysis (4)
Scrolls
 a - 7 scrolls of blinking
 h - 2 scrolls of summoning
 j - 2 scrolls of magic mapping
 k - 7 scrolls of fear
 m - 3 scrolls of fog
 o - a scroll of enchant armour
 p - 2 scrolls of brand weapon
 r - 7 scrolls of teleportation
 w - 2 scrolls of enchant weapon
 D - 5 scrolls of holy word
 H - 5 scrolls of amnesia
 Q - a scroll of immolation
 V - a scroll of vulnerability
Potions
 b - 5 potions of curing
 c - 4 potions of invisibility
 d - a potion of mutation {unknown}
 e - a potion of cancellation {unknown}
 n - 3 potions of might {unknown}
 s - 3 potions of brilliance {unknown}
 u - 4 potions of lignification
 x - 3 potions of berserk rage {unknown}
 z - 3 potions of attraction {unknown}
 A - 2 potions of flight {unknown}
 B - 3 potions of ambrosia {unknown}
 F - 4 potions of heal wounds
 I - a potion of magic {unknown}
 N - 4 potions of degeneration {unknown}
 P - 3 potions of haste
Miscellaneous
 J - a condenser vane
 L - a phial of floods


   Skills:
 * Level 8.3 Fighting
 + Level 8.0 Short Blades
 + Level 8.7 Dodging
 + Level 16.6 Stealth
 + Level 8.2 Spellcasting
 + Level 8.2 Hexes
 - Level 0.1 Necromancy
 - Level 3.0 Translocations
 - Level 3.0 Transmutations
 - Level 9.0 Invocations


You had 11 spell levels left.
You knew the following spells:

 Your Spells              Type           Power      Damage    Failure   Level
a - Ensorcelled Hibernat  Hex/Ice        54%        N/A       1%          2
b - Confusing Touch       Hex            45%        N/A       1%          3
c - Tukima's Dance        Hex            45%        N/A       1%          3
d - Dazzling Flash        Conj/Hex       54%        N/A       4%          3
e - Wereblood             Tmut           22%        N/A       3%          2
f - Gell's Gravitas       Tloc           22%        N/A       6%          3

Your spell library contained the following spells:

 Spells                   Type           Power      Damage    Failure   Level
 Slow                     Hex            100%       N/A       1%          1
 Sting                    Tmut/Pois      60%        1d6       4%          1
 Teleport Other           Tloc           22%        N/A       6%          3
 Call Imp                 Summ           9%         N/A       11%         2
 Scorch                   Fire           18%        2d6       11%         2
 Sublimation of Blood     Necr           9%         N/A       11%         2
 Vampiric Draining        Necr           9%         2d6       21%         3
 Yara's Violent Unravell  Hex/Tmut       16%        3d8       21%         5
 Mephitic Cloud           Conj/Pois/Air  9%         N/A       22%         3
 Ozocubu's Armour         Ice            9%         N/A       22%         3
 Passage of Golubria      Tloc           22%        N/A       22%         4
 Metabolic Englaciation   Hex/Ice        13%        N/A       36%         5
 Flame Wave               Conj/Fire      9%         2d5       58%         4
 Olgreb's Toxic Radiance  Pois           9%         N/A       58%         4
 Summon Lightning Spire   Summ/Air       9%         N/A       58%         4
 Irradiate                Conj/Tmut      7%         3d16      73%         5
 Freezing Cloud           Conj/Ice/Air   4%         6-21      90%         5
 Dispersal                Tloc           11%        N/A       97%         6
 Simulacrum               Ice/Necr       4%         N/A       100%        6
 Summon Cactus Giant      Summ           4%         N/A       100%        6
 Ozocubu's Refrigeration  Ice            4%         4d5       100%        7
 Storm Form               Tmut/Air       7%         N/A       100%        7
 Summon Hydra             Summ           4%         N/A       100%        7
 Ignition                 Fire           4%         3d4       100%        8
 Maxwell's Capacitive Co  Air            4%         ∞         100%        8
 Summon Horrible Things   Summ           4%         N/A       100%        8


Dungeon Overview and Level Annotations

Branches:
Dungeon (14/15)            Temple (1/1) D:4            Lair (0/6) D:10
    Orc (0/2) D:10         Vaults (0/5) D:14        Ossuary (visited)
 Bailey (visited)

Altars:
Ashenzari
Cheibriados
Dithmenos
Elyvilon
Fedhas
Gozag
Hepliaklqana
Kikubaaqudgha
Makhleb
Nemelex Xobeh
Okawaru
Qazlal
Ru
Sif Muna
Trog
Uskayaw
Vehumet
Wu Jian
Xom
Yredelemnul
Zin
The Shining One

Portals:
Trove: D:10 (give horn of Geryon)

Annotations:
D:3 1 runed translucent door, SHADDY's ghost, amateur DEFE
D:5 2 transporters, dandone's ghost, novice MiFi
D:12 3 runed translucent doors, PeMo's ghost, journeyman HOBe


Innate Abilities, Weirdness & Mutations

You are very small and have problems with some larger weapons.
You are too small for most types of armour.
You have supernaturally acute eyesight. (SInv)
You cover ground extremely quickly. (Speed+++)


Message History

A wretched star comes into view.
You hit the wretched star but do no damage.
Casting: Ensorcelled Hibernation (safe; 2% risk of failure)
Confirm with . or Enter, or press ? or * to list all spells.
Your hands begin to glow red.
You hit the wretched star but do no damage.
The wretched star is completely immune to your confusing touch!
Your hands stop glowing.
You hit the wretched star but do no damage.
Casting: Confusing Touch (safe; 1% risk of failure)
Confirm with . or Enter, or press ? or * to list all spells.
Aiming: Ensorcelled Hibernation (safe; 2% risk of failure)
Press: ? - help, Shift-Dir - straight line, f - you
Okay, then.
You closely miss the wretched star.
Your +1 dagger of venom stops dripping with poison.
You feel clever.
The +6 flail of Attainder {flame, Int+5} bursts into flame!
C - the +6 flail of Attainder (weapon)
{flame, Int+5} You hit the wretched star.
You burn the wretched star.
The wretched star is lightly damaged.
The wretched star glows turbulently.
The lance of force hits you!!
You are knocked back by the lance of force.
You slam into the rock wall!
* * * LOW HITPOINT WARNING * * *
Unknown command.
Unknown command.
Okay, then.
Press: ? - help, v - describe, . - travel
Here: a wretched star (lightly damaged, umbra)
The floor.
You thump the wretched star! You burn the wretched star.
The wretched star is moderately damaged.
The wretched star glows turbulently.
The lance of force hits you!
* * * LOW HITPOINT WARNING * * *
You are knocked back by the lance of force.
You slam into the rock wall!
You die...

...# #
#..#.
'..#.
#...
#..# #..
#.###
#@..###
#..#..#
#..*..#
#.##..#
#.##.#.#
#.#
####.#
.# ##
....# #
#....
#..###
#.#
#.#...##
#..


You could see a wretched star.

Vanquished Creatures
  2 centaur warriors
  2 death knights (D:13)
  4 two-headed ogres
  A tengu warrior (D:13)
  Nergalle (D:11)
  A skeletal warrior (D:13)
  A wizard (D:14)
  An orc knight (Bailey)
  2 ugly things
  3 deep elf pyromancers
  2 cyclopes
  3 gargoyles
  2 unseen horrors (D:12)
  3 freezing wraiths (D:13)
  Maggie (D:7)
  A troll (D:6)
  Prince Ribbit (D:7)
  2 slime creatures (D:14)
  Sigmund (D:2)
  2 wyverns
  2 vampires
  16 yaks
  A golden eye (shapeshifter) (D:13)
  8 vampire mosquitoes
  7 wraiths
  6 humans (D:7)
  A basilisk (D:14)
  2 water moccasins
  An acid dragon (D:11)
  Duvessa (D:7)
  2 black bears
  10 orc warriors
  A sky beast (D:5)
  5 ogres
  A centaur (D:6)
  A phantom (D:4)
  3 bullfrogs
  3 elf skeletons (D:5)
  2 water moccasin zombies (Ossuary)
  A scorpion (D:5)
  Dowan (D:7)
  4 howler monkeys
  3 electric eels
  A human zombie (D:5)
  3 jellies
  A gnoll shaman (D:6)
  7 orc priests
  2 hounds
  A centaur skeleton (D:7)
  Crazy Yiuf (D:2)
  Jessica (D:3)
  A human skeleton (D:5)
  2 iguanas
  5 orc wizards
  Terence (D:2)
  2 hound skeletons (D:5)
  2 mummies (Ossuary)
  2 howler monkey zombies
  13 gnolls
  5 adders
  A shadow imp (D:6)
  2 ufetubi
  An adder skeleton (D:4)
  6 adder zombies (Ossuary)
  3 worms
  43 orcs
  2 bat skeletons (D:4)
  4 bat zombies (D:4)
  6 endoplasms
  5 giant cockroaches
  2 gnoll zombies (Ossuary)
  4 hobgoblins
  3 jackals (D:1)
  8 kobolds
  4 quokkas
  8 ball pythons
  5 bats
  3 frilled lizards
  12 goblins
  8 hobgoblin zombies (Ossuary)
  5 kobold zombies (Ossuary)
  An orc skeleton (D:5)
  7 orc zombies (Ossuary)
  A rat (D:2)
312 creatures vanquished.

Vanquished Creatures (collateral kills)
  A bullfrog (D:10)
  A scorpion (D:10)
2 creatures vanquished.

Vanquished Creatures (others)
  4 fungi (D:2)
  2 plants (D:10)
6 creatures vanquished.

Grand Total: 320 creatures vanquished

Notes
Turn   | Place    | Note
-------+----------+-------------------------------------------
     0 | D:1      | protoss039 the Spriggan Enchanter began the quest for the
                  | Orb.
     0 | D:1      | Reached XP level 1. HP: 9/9 MP: 5/5
   194 | D:1      | Reached XP level 2. HP: 13/13 MP: 6/6
   226 | D:1      | Learned a level 2 spell: Ensorcelled Hibernation
   763 | D:1      | Reached skill level 5 in Stealth
  1165 | D:2      | Reached XP level 3. HP: 16/16 MP: 8/8
  1646 | D:2      | Found a runed translucent door.
  1647 | D:2      | Noticed Crazy Yiuf
  1914 | D:2      | Noticed Sigmund
  1924 | D:2      | Killed Sigmund
  1925 | D:2      | Reached skill level 6 in Stealth
  1925 | D:2      | Reached XP level 4. HP: 21/21 MP: 4/9
  1925 | D:2      | Reached XP level 5. HP: 24/24 MP: 4/10
  2043 | D:2      | Noticed Terence
  2193 | D:2      | Killed Terence
  2194 | D:2      | Reached skill level 1 in Fighting
  2553 | D:2      | Found a faded altar of an unknown god.
  2624 | D:2      | Learned a level 3 spell: Confusing Touch
  2628 | D:2      | Learned a level 3 spell: Tukima's Dance
  2634 | D:2      | Killed Crazy Yiuf
  2635 | D:2      | Reached XP level 6. HP: 30/30 MP: 8/11
  3165 | D:3      | Noticed Jessica
  3172 | D:3      | Killed Jessica
  3269 | D:3      | Found a runed translucent door.
  3275 | D:3      | Noticed SHADDY's ghost (amateur DEFE)
  3503 | D:4      | Found a staircase to the Ecumenical Temple.
  3514 | Temple   | Entered the Ecumenical Temple
  3770 | Temple   | Became a worshipper of Dithmenos the Shadowed
  3963 | D:3      | Reached skill level 1 in Invocations
  3963 | D:3      | Reached XP level 7. HP: 23/36 MP: 5/13
  4208 | D:4      | Learned a level 3 spell: Dazzling Flash
  4270 | D:4      | Found an ancient bone altar of Kikubaaqudgha.
  4655 | D:4      | Reached * piety under Dithmenos
  5163 | D:5      | Entered Level 5 of the Dungeon
  5393 | D:5      | Found a transporter.
  5396 | D:5      | Found a transporter.
  5398 | D:5      | Noticed dandone's ghost (novice MiFi)
  5418 | D:5      | Reached skill level 5 in Spellcasting
  5512 | D:5      | Reached XP level 8. HP: 40/40 MP: 13/16
  5537 | D:5      | Reached skill level 5 in Invocations
  5574 | D:5      | Found a sand-covered staircase.
  5620 | Ossuary  | Entered an ossuary
  5812 | Ossuary  | Reached ** piety under Dithmenos
  6335 | D:5      | Got the Incunabulum of Combat Magic
  6726 | D:5      | Identified the +6 flail of Attainder {flame, Int+5}
  6995 | D:6      | Reached *** piety under Dithmenos
  7053 | D:6      | Reached XP level 9. HP: 31/45 MP: 13/19
  7544 | D:6      | Reached skill level 5 in Dodging
  7793 | D:6      | Noticed a troll
  7801 | D:6      | Killed a troll
  8456 | D:6      | Reached skill level 5 in Short Blades
  8568 | D:7      | Noticed Duvessa
  8574 | D:7      | Noticed Dowan
  8575 | D:7      | Killed Duvessa
  8575 | D:7      | Noticed Prince Ribbit
  8578 | D:7      | Killed Dowan
  8582 | D:7      | Killed Prince Ribbit
  8597 | D:7      | Found a flagged portal.
  8615 | Bailey   | Entered a bailey
  8674 | Bailey   | Found a large runed translucent door.
  8674 | Bailey   | Found a large runed translucent door.
  8675 | Bailey   | Noticed a deep elf pyromancer
  8704 | Bailey   | Reached skill level 7 in Stealth
  8915 | Bailey   | Reached **** piety under Dithmenos
  8915 | Bailey   | Noticed an orc knight
  8916 | Bailey   | Reached XP level 10. HP: 51/51 MP: 11/20
  8939 | Bailey   | Killed an orc knight
  8940 | Bailey   | Reached skill level 5 in Fighting
  9143 | Bailey   | Killed a deep elf pyromancer
  9144 | Bailey   | Reached skill level 8 in Stealth
  9170 | Bailey   | Identified the -5 helmet "Eju Ykie" {Slay+5 Stlth-}
  9438 | D:7      | Got Zaterommi's Papyrus of Intoxication and the Entourage
  9654 | D:7      | Noticed Maggie
  9661 | D:7      | Killed Maggie
  9895 | D:7      | Reached skill level 9 in Stealth
  9930 | D:7      | Reached skill level 10 in Stealth
 10224 | D:8      | You fall into a shaft and drop 1 floor!
 10297 | D:9      | Reached skill level 11 in Stealth
 10732 | D:9      | Reached skill level 12 in Stealth
 10887 | D:9      | Noticed a two-headed ogre
 10895 | D:9      | Killed a two-headed ogre
 10896 | D:9      | Reached skill level 13 in Stealth
 10936 | D:10     | Entered Level 10 of the Dungeon
 10974 | D:10     | Reached XP level 11. HP: 56/56 MP: 21/21
 10976 | D:10     | Reached skill level 14 in Stealth
 11388 | D:10     | Found a portal to a secret trove of treasure.
 11428 | D:10     | Noticed a two-headed ogre
 11446 | D:10     | Killed a two-headed ogre
 11447 | D:10     | Reached skill level 15 in Stealth
 11552 | D:10     | Reached ***** piety under Dithmenos
 11634 | D:10     | Found a staircase to the Lair.
 11687 | D:10     | Found a staircase to the Orcish Mines.
 12311 | D:11     | Noticed Nergalle
 12326 | D:11     | Killed Nergalle
 12526 | D:12     | Noticed a deep elf pyromancer
 12532 | D:12     | Killed a deep elf pyromancer
 12554 | D:12     | Noticed a red ugly thing
 12560 | D:12     | Killed a red ugly thing
 12606 | D:12     | Found a runed translucent gate.
 12699 | D:12     | Noticed a minotaur
 12707 | D:12     | Noticed PeMo's ghost (journeyman HOBe)
 12723 | D:12     | Found a runed translucent gate.
 12723 | D:12     | Found a runed translucent gate.
 12980 | D:12     | Learned a level 2 spell: Wereblood
 12984 | D:12     | Learned a level 3 spell: Gell's Gravitas
 13033 | D:13     | Noticed a tengu warrior
 13040 | D:13     | Killed a tengu warrior
 13041 | D:13     | Reached skill level 1 in Translocations
 13041 | D:13     | Reached skill level 1 in Transmutations
 13041 | D:13     | Noticed a skeletal warrior
 13110 | D:13     | Noticed a death knight
 13114 | D:13     | Noticed a deep elf pyromancer
 13123 | D:13     | Killed a deep elf pyromancer
 13124 | D:13     | Reached XP level 12. HP: 63/63 MP: 17/23
 13135 | D:13     | Killed a death knight
 13138 | D:13     | Reached skill level 16 in Stealth
 13636 | D:13     | Noticed a centaur warrior
 13642 | D:13     | Killed a centaur warrior
 14070 | D:14     | Noticed a centaur warrior
 14080 | D:14     | Killed a centaur warrior
 14148 | D:14     | Noticed a death knight
 14418 | D:13     | Killed a death knight
 14837 | D:14     | Noticed a six-headed hydra
 14876 | D:14     | Noticed a two-headed ogre
 14882 | D:14     | Killed a two-headed ogre
 14886 | D:14     | Found a gate to the Vaults.
 14886 | D:14     | Noticed a two-headed ogre
 14890 | D:14     | Killed a two-headed ogre
 14893 | D:14     | Cast into level 2 of the Abyss (a wizard)
 14925 | Abyss:2  | Found a shadowy altar of Dithmenos.
 14967 | Abyss:2  | Collided with a rock wall

Illustrated notes

Levels and vault maps discovered:
D:1:      scummos_arrival_gate, layout_basic
D:2:      layout_rooms, shapermc_ecumenical_altar_acropolis,
          amcnicky_mini_rare_corridor_liquid, uniq_sigmund,
          uniq_crazy_yiuf_cottage, uniq_terence
D:3:      layout_rooms, ebering_ghost_sewer_d, ebering_dispersal_statue_hall,
          uniq_jessica
D:4:      layout_cave_pools, kennysheep_vampire_church,
          minmay_temple_entry_slanted, minmay_distorted
D:5:      layout_basic, gammafunk_ghost_mausoleum,
          nicolae_ossuary_entry_catacombs
D:6:      layout_loops_corners, mrwooster_statue_mirror
D:7:      layout_loops_corners, enter_bailey_2, minmay_ruffians, uniq_duvessa,
          uniq_prince_ribbit1, uniq_maggie
D:8:      layout_rooms, uniq_pikel
D:9:      layout_basic
D:10:     layout_roguey, grunt_lair_entry_orc_guard_hut, orc_0_dummy,
          enter_trove_1, serial_bayou_lagoon_a,
          hangedman_abyss_or_decor_jellyfish_corner
D:11:     layout_roguey, uniq_nergalle
D:12:     layout_cave_pools, maelrawn_ghost_gauntlet_escape
D:13:     layout_stronghold
D:14:     layout_stronghold, david_vaults_1, nicolae_water_bricks,
          grunt_ministairs_9
Temple:   mainiacjoe_temple_hex_bubbles
Abyss:2:  base: D:7, base:
D:9

Skill      XL: |  1  2  3  4  5  6  7  8  9 10 11 12 |
---------------+-------------------------------------+-----
Dodging        | 3 4 6 7 8 |  8.7
Spellcasting   | 3 5 6 7 8 |  8.2
Stealth        | 5 6 7 13 15 16 | 16.6
Hexes          | 4 6 7 8 |  8.2
Short Blades   | 3 4 5 6 7 8 |  8.0
Fighting       | 1 3 4 6 7 8 |  8.3
Invocations    | 1 4 6 8 9 |  9.0
Translocations | 1 3 |  3.0
Transmutations | 1 3 |  3.0
Necromancy     | |  0.1

Action                   |  1- 3 |  4- 6 |  7- 9 | 10-12 || total
-------------------------+-------+-------+-------+-------++-------
Melee: Dagger            |    93 |    90 |   541 |   336 ||  1060
       Punch             |     1 |     1 |     9 |    10 ||    21
       Flail             |       |       |       |     2 ||     2
 Cast: Ensorcelled Hiber |    25 |    41 |    24 |    27 ||   117
       Confusing Touch   |       |     1 |    75 |    39 ||   115
       Dazzling Flash    |       |       |       |    17 ||    17
       Tukima's Dance    |       |       |       |     9 ||     9
       Gell's Gravitas   |       |       |       |     3 ||     3
       Wereblood         |       |       |       |     1 ||     1
Invok: Shadow Step       |       |       |       |     1 ||     1
Evoke: Condenser vane    |       |       |       |     1 ||     1
  Use: Scroll            |       |       |     9 |     8 ||    17
 Stab: Sleeping          |    27 |    25 |    43 |    58 ||   153
       Distracted        |       |     1 |     1 |     1 ||     3
       Confused          |       |       |    67 |    34 ||   101
       Invisible         |       |       |       |    10 ||    10
Armor: Robe              |    10 |    12 |    63 |    25 ||   110
Dodge: Dodged            |    61 |    64 |   429 |   247 ||   801
